 Dungeon Crawl Stone Soup version 0.24.0-123-gd5b16e6ec5 (webtiles) character file.

Game seed: 13150581324567857797, levelgen mode: deterministic

132659 LordRappington the Bludgeoner (level 17, 0/115 HPs)
             Began as a Gargoyle Fighter on Jan 15, 2020.
             Was the Champion of Makhleb.
             Slain by a naga warrior
             ... wielding a +0 trident
              (9 damage)
             ... on level 4 of the Snake Pit on Jan 16, 2020.
             The game lasted 02:06:40 (26972 turns).

LordRappington the Bludgeoner (Gargoyle Fighter)   Turns: 26972, Time: 02:06:41

Health: 0/115      AC: 33    Str: 29    XL:     17   Next: 13%
Magic:  25/25      EV:  3    Int: 12    God:    Makhleb [******]
Gold:   1581       SH: 12    Dex: 14    Spells: 16/16 levels left

rFire    + . .     SeeInvis .   M - +3 morningstar (freeze)
rCold    + . .     Gourm    +   T - +1 shield {reflect}
rNeg     + . .     Faith    .   i - +0 plate armour
rPois    ∞         Spirit   .   q - +0 helmet
rElec    +         Reflect  +   Z - scarf {rC+ rF+}
rCorr    .         Harm     .   z - +0 pair of gloves
MR       ++...                  w - +0 pair of boots
Stlth    ..........             A - amulet of the gourmand
HPRegen  0.29/turn              a - ring of protection from magic
MPRegen  0.19/turn              V - +5 ring of dexterity

@: mighty, constricted
A: big wings, negative energy resistance 1, electricity resistance, unbreathing,
petrification resistance, rot immunity, AC +12
a: Fly, Minor Destruction, Lesser Servant of Makhleb, Major Destruction, Greater
Servant of Makhleb, Renounce Religion


You were on level 4 of the Snake Pit.
You worshipped Makhleb.
Makhleb was exalted by your worship.
You were very full.

You visited 4 branches of the dungeon, and saw 26 of its levels.
You also visited: Bailey.

You collected 1945 gold pieces.
You spent 364 gold pieces at shops.

Inventory:

Hand Weapons
 g - the +9 staff of Wucad Mu {channel}
   (You found it on level 3 of the Lair of Beasts)
 I - a +2 flail of protection
 L - a +3 scimitar of flaming
 M - a +3 morningstar of freezing (weapon)
 Q - a +0 quarterstaff of freezing
Missiles
 n - 3 atropa-tipped darts (quivered)
 o - 2 javelins
Armour
 i - a +0 plate armour (worn)
 q - a +0 helmet (worn)
 w - a +0 pair of boots (worn)
 z - a +0 pair of gloves (worn)
 T - a +1 shield of reflection (worn)
 Z - a scarf of resistance (worn)
Jewellery
 a - a ring of protection from magic (left hand)
 c - an uncursed amulet of magic regeneration
 m - an uncursed ring of flight {unknown}
 t - an uncursed ring of protection from fire {unknown}
 v - a cursed ring of teleportation {unknown}
 x - an uncursed amulet of the acrobat
 A - an amulet of the gourmand (around neck)
 C - the amulet of Peumesom {rC+ Regen+, unknown}
   (You found it on level 6 of the Lair of Beasts)

   [amulet of regeneration]

   It protects you from cold.
   It increases your rate of regeneration.
 V - a +5 ring of dexterity (right hand)
Wands
 y - a wand of flame (39)
 D - a wand of paralysis (17)
 E - a wand of polymorph (22)
 J - a wand of clouds (7)
 K - a wand of acid (10)
 O - a wand of iceblast (9)
Scrolls
 h - 2 scrolls of amnesia
 j - 6 scrolls of teleportation
 p - 6 scrolls of remove curse
 s - 18 scrolls of identify
 u - 3 scrolls of fog
 F - a scroll of enchant armour
 H - a scroll of magic mapping
 N - 2 scrolls of fear
 R - 2 scrolls of enchant weapon
Potions
 b - 4 potions of brilliance
 d - 2 potions of resistance
 e - 13 potions of curing
 k - 2 potions of haste
 l - 2 potions of invisibility
 r - 7 potions of lignification
 P - a potion of agility {unknown}
 W - a potion of might
Comestibles
 f - 47 rations


   Skills:
 + Level 15.8 Fighting
 + Level 19.9 Maces & Flails
 - Level 12.5 Armour
 - Level 5.8 Shields
 * Level 11.7 Invocations


You had 16 spell levels left.
You didn't know any spells.
Your spell library contained the following spells:

 Spells                   Type           Power        Failure   Level  Hunger
 Animate Skeleton         Necr           N/A          100%        1    ##.....
 Apportation              Tloc           #.....       100%        1    ##.....
 Confusing Touch          Hex            #.....       100%        1    ##.....
 Freeze                   Ice            #...         100%        1    ##.....
 Magic Dart               Conj           #...         100%        1    ##.....
 Summon Small Mammal      Summ           #...         100%        1    ##.....
 Searing Ray              Conj           #.....       100%        2    ###....
 Throw Frost              Conj/Ice       #.....       100%        2    ###....
 Dazzling Spray           Conj/Hex       #.....       100%        3    ####...
 Ozocubu's Armour         Chrm/Ice       #.......     100%        3    ####...
 Recall                   Summ/Tloc      N/A          100%        3    ####...
 Animate Dead             Necr           N/A          100%        4    #####..
 Force Lance              Conj/Tloc      #.......     100%        4    #####..
 Fulminant Prism          Conj/Hex       #.........   100%        4    #####..
 Iskenderun's Mystic Bla  Conj           #.......     100%        4    #####..
 Summon Ice Beast         Ice/Summ       #.......     100%        4    #####..
 Summon Lightning Spire   Summ/Air       #.......     100%        4    #####..
 Throw Icicle             Conj/Ice       #.......     100%        4    #####..
 Aura of Abjuration       Summ           #.........   100%        5    ######.
 Bolt of Magma            Conj/Fire/Erth #.........   100%        5    ######.
 Borgnjor's Vile Clutch   Necr/Erth      #.........   100%        5    ######.
 Iskenderun's Battlesphe  Conj/Chrm      #.......     100%        5    ######.
 Silence                  Hex/Air        #.........   100%        5    ######.
 Summon Demon             Summ           #.........   100%        5    ######.
 Summon Forest            Summ/Tloc      #.........   100%        5    ######.
 Summon Mana Viper        Hex/Summ       #.......     100%        5    ######.
 Venom Bolt               Conj/Pois      #.........   100%        5    ######.
 Conjure Ball Lightning   Conj/Air       #.........   100%        6    #######
 Death Channel            Necr           #.........   100%        6    #######
 Deflect Missiles         Chrm/Air       #.........   100%        6    #######
 Iron Shot                Conj/Erth      #.........   100%        6    #######
 Shadow Creatures         Summ           N/A          100%        6    #######
 Simulacrum               Ice/Necr       #.........   100%        6    #######
 Orb of Destruction       Conj           #.........   100%        7    #######
 Spellforged Servitor     Conj/Summ      #.........   100%        7    #######
 Tornado                  Air            #.........   100%        9    #######


Dungeon Overview and Level Annotations

Branches:
Dungeon (15/15)            Temple (1/1) D:4            Lair (6/6) D:10
  Swamp (0/4) Lair:2        Snake (4/4) Lair:2        Slime (0/5) Lair:5
    Orc (0/2) D:12         Vaults (0/5) D:13         Depths (0/5) D:15
 Bailey (visited)

Altars:
Ashenzari
Cheibriados
Dithmenos
Elyvilon
Fedhas
Gozag
Hepliaklqana
Kikubaaqudgha
Makhleb
Nemelex Xobeh
Okawaru
Qazlal
Ru
Sif Muna
Trog
Uskayaw
Vehumet
Wu Jian
Xom
Yredelemnul
Zin
The Shining One

Shops:
D:5 [   D:6 *   D:9 ?   D:12 ([   D:13 (}   Snake:4 %?

Annotations:
D:12 3 runed translucent doors, NeAGen181's ghost, journeyman DDNe


Innate Abilities, Weirdness & Mutations

You are resistant to torment.
Your stone body is resilient. (AC +12)
You are immune to poison.
Your large and strong wings let you fly indefinitely.
You resist negative energy. (rN+)
You are resistant to electric shocks. (rElec)
You can survive without breathing.
You are immune to petrification.
You are immune to rotting.


Message History

Quiver which item? (- for none, * to show all) (? for menu, Esc to quit)
Okay, then.
You feel much better.
The naga warrior hits you but does no damage.
A demon appears!
The naga warrior spits poison at you.
Your +1 shield of reflection reflects the splash of poison!
The splash of poison hits the naga warrior.
* * * LOW HITPOINT WARNING * * *
The naga warrior constricts you.
The naga warrior hits you but does no damage.
The naga warrior's grasp on you weakens, but your attempt to escape fails.
The naga warrior completely misses you. The naga warrior constricts you.
You block the naga warrior's attack.
Your cacodemon gestures at the naga warrior.
The bolt of energy hits the naga warrior!
The naga warrior's grasp on you weakens, but your attempt to escape fails.
The naga warrior completely misses you. The naga warrior constricts you.
The naga warrior hits you from afar with a +0 trident!
You die...

#....#...P÷)P......#...###
#...##.....).....#####...# ##
#.#..............#<#.##..# .###
#.#....###...(...÷#(<.((((
...#####.....N#..###.#.)()######.
...........#..N)(..[##..(((# #.
............#((##N2###.###..# ..
†............NN##)##....?##....[.
..######..(((NNN@##...⌠... #....#
### #..#...####...[.... #..##
##...#.###......... #.#
#.....###....8...8. .#
#.....#$#.......... #
#.........⌠.∩..8..∩
##..#.###.......... #.#..#.
#....8...8. ##... . ##.........


You could see 2 naga warriors, 2 naga sharpshooters, 2 nagas and a friendly
cacodemon.

Vanquished Creatures
  Rupert (Lair:5)
  3 nagarajas
  Aizul (Snake:4)
  Nessos (D:13)
  Josephine (Lair:4)
  An ettin (D:15)
  7 naga warriors
  Fannar (D:12)
  3 hydras
  6 anacondas
  2 catoblepae
  Erica (D:9)
  3 centaur warriors
  A merfolk avatar (Lair:6)
  2 dancing weapons (D:13)
  8 two-headed ogres
  3 tengu warriors
  An ogre mage (D:15)
  3 death yaks (Lair:3)
  3 shock serpents
  Urug (D:13)
  8 naga sharpshooters
  A deep elf knight (D:15)
  6 skeletal warriors
  4 salamander mystics
  2 wizards (D:15)
  A sea snake (Lair:6)
  3 naga ritualists (Snake:2)
  A deep troll (D:15)
  4 harpies
  A wolf spider zombie (D:14)
  7 mana vipers
  2 deep elf magi
  An orc knight (D:15)
  3 cyclopes
  An oklob plant (Lair:4)
  2 ugly things
  2 manticores
  16 salamanders
  11 elephants
  33 black mambas
  9 naga magi
  A torpor snail (Lair:5)
  3 gargoyles
  6 spiny frogs
  A guardian serpent (Snake:3)
  4 rime drakes (Lair:6)
  9 komodo dragons
  6 kobold demonologists
  2 trolls
  6 hornets
  3 bog bodies (Lair:2)
  The ghost of Curus the Twirler, an amateur DsGl (D:4)
  6 polar bears
  3 blink frogs (Lair:3)
  12 hippogriffs
  A shadow (D:11)
  Sigmund (D:5)
  7 wraiths
  37 yaks
  2 water elementals
  6 wyverns
  8 basilisks
  A steam dragon (D:11)
  7 vampire mosquitoes
  Edmund (D:6)
  30 nagas
  An acid dragon (D:14)
  2 swamp worms (Lair:2)
  19 water moccasins
  12 porcupines
  19 orc warriors
  2 eyes of draining
  5 ice beasts
  5 black bears
  2 necrophages
  3 sky beasts
  7 ogres
  3 phantoms
  10 centaurs
  19 wolves
  2 big kobolds
  8 crocodiles
  17 bullfrogs
  2 scorpions
  17 wights
  4 killer bees
  2 vampire bats (D:6)
  10 electric eels
  2 howler monkeys
  6 crimson imps
  6 centaur zombies
  9 lava snakes
  9 jellies
  5 hounds
  A quasit (D:10)
  A bullfrog skeleton (D:12)
  13 orc priests
  8 centaur skeletons
  A gnoll shaman (D:5)
  10 orc wizards
  4 iguanas
  16 worker ants
  2 killer bee zombies
  2 hound zombies
  A hound skeleton (D:6)
  A worker ant zombie (D:8)
  Robin (D:2)
  14 adders
  7 gnolls
  6 shadow imps
  An ooze (D:2)
  3 adder skeletons
  3 worms
  7 dart slugs
  5 leopard geckos
  60 orcs
  10 ball pythons
  3 bat skeletons (D:6)
  2 bat zombies (D:6)
  2 giant cockroaches
  16 goblins
  15 hobgoblins
  12 jackals
  18 kobolds
  8 quokkas
  A ball python skeleton (D:4)
  A ball python zombie (D:5)
  13 bats
  5 frilled lizards
  A jackal skeleton (D:5)
  A quokka zombie (D:7)
  8 rats
  A spectral orc (D:9)
  3 plants
  A withered plant (D:14)
831 creatures vanquished.

Vanquished Creatures (collateral kills)
  An anaconda (Snake:2)
  2 mana vipers (Snake:2)
  An oklob plant (Lair:4)
  2 black mambas (Snake:2)
  A naga mage (Snake:2)
7 creatures vanquished.

Vanquished Creatures (others)
  2 wights (D:13)
  A howler monkey (D:13)
  12 fungi
  20 plants
35 creatures vanquished.

Grand Total: 873 creatures vanquished

Notes
Turn   | Place    | Note
-------+----------+-------------------------------------------
     0 | D:1      | LordRappington the Gargoyle Fighter began the quest for the
                  | Orb.
     0 | D:1      | Reached XP level 1. HP: 14/14 MP: 1/1
   101 | D:1      | Reached XP level 2. HP: 15/19 MP: 2/2
   177 | D:1      | Reached skill level 3 in Maces & Flails
   344 | D:1      | Reached XP level 3. HP: 14/23 MP: 3/3
   787 | D:2      | Reached skill level 4 in Maces & Flails
   864 | D:1      | Reached XP level 4. HP: 10/28 MP: 4/4
  1244 | D:2      | Found an ornate altar of the Wu Jian Council.
  1246 | D:2      | Found a glowing golden altar of the Shining One.
  1355 | D:2      | Noticed Robin
  1362 | D:2      | Killed Robin
  1371 | D:2      | Reached skill level 5 in Maces & Flails
  1445 | D:2      | Reached XP level 5. HP: 30/32 MP: 5/5
  1725 | D:2      | Found an opulent altar of Gozag.
  1725 | D:2      | Found a radiant altar of Vehumet.
  1727 | D:2      | Found a hazy altar of Hepliaklqana.
  1780 | D:3      | Found a white marble altar of Elyvilon.
  2364 | D:3      | Found a faded altar of an unknown god.
  2488 | D:3      | Reached skill level 6 in Maces & Flails
  2706 | D:3      | Reached XP level 6. HP: 29/37 MP: 6/6
  3386 | D:4      | Found a staircase to the Ecumenical Temple.
  3432 | D:4      | Reached skill level 7 in Maces & Flails
  3446 | D:4      | Reached XP level 7. HP: 19/41 MP: 7/7
  3460 | D:4      | Reached skill level 8 in Maces & Flails
  3701 | Temple   | Entered the Ecumenical Temple
  3844 | D:4      | Noticed Curus's ghost (amateur DsGl)
  3852 | D:4      | Found a sparkling altar of Nemelex Xobeh.
  3854 | D:4      | Got a pitted short sword
  4038 | D:4      | Found a runed translucent door.
  4187 | D:5      | Entered Level 5 of the Dungeon
  4307 | D:5      | Found a shattered altar of Ashenzari.
  4433 | D:5      | Reached skill level 9 in Maces & Flails
  4433 | D:5      | Reached XP level 8. HP: 39/46 MP: 8/8
  4784 | D:5      | Noticed Sigmund
  4819 | D:5      | Killed Sigmund
  4827 | D:5      | Reached skill level 10 in Maces & Flails
  5067 | D:5      | Found Iryibb's Antique Armour Shop.
  5070 | D:5      | Bought a pair of gloves for 130 gold pieces
  5175 | D:5      | Found a burning altar of Makhleb.
  5175 | D:5      | Found a shadowy altar of Dithmenos.
  5176 | D:5      | Found a hide-covered altar of Uskayaw.
  5182 | D:5      | Became a worshipper of Makhleb the Destroyer
  5461 | D:6      | Reached skill level 11 in Maces & Flails
  5520 | D:6      | Reached XP level 9. HP: 40/51 MP: 9/9
  5795 | D:6      | Found Yvyl's Assorted Antiques.
  5837 | D:6      | Found a stormy altar of Qazlal.
  5873 | D:6      | Noticed Edmund
  5888 | D:6      | Killed Edmund
  6001 | D:6      | Found a sparkling altar of Nemelex Xobeh.
  6091 | D:6      | Reached * piety under Makhleb
  6107 | D:6      | Found an ancient bone altar of Kikubaaqudgha.
  6362 | D:7      | Reached skill level 12 in Maces & Flails
  6699 | D:7      | Found a flagged portal.
  6718 | Bailey   | Entered a bailey
  7566 | Bailey   | Noticed an orc knight
  8010 | D:7      | Reached skill level 13 in Maces & Flails
  8010 | D:7      | Reached skill level 1 in Invocations
  8322 | D:8      | Reached XP level 10. HP: 55/56 MP: 10/10
  8512 | D:8      | Noticed a two-headed ogre
  8527 | D:8      | Killed a two-headed ogre
  8531 | D:8      | Reached ** piety under Makhleb
  8879 | D:8      | Noticed a two-headed ogre
  8892 | D:8      | Killed a two-headed ogre
  8892 | D:8      | Reached skill level 5 in Armour
  9167 | D:8      | Reached skill level 5 in Shields
  9438 | D:9      | Noticed Erica
  9454 | D:9      | Killed Erica
  9566 | D:9      | Found Taprapips's Magic Scroll Shoppe.
  9574 | D:9      | Bought a scroll of identify for 24 gold pieces
  9574 | D:9      | Bought a scroll of identify for 24 gold pieces
  9574 | D:9      | Bought a scroll of blinking for 90 gold pieces
  9574 | D:9      | Bought a scroll of identify for 24 gold pieces
  9574 | D:9      | Bought a scroll of identify for 24 gold pieces
  9574 | D:9      | Bought a scroll of identify for 24 gold pieces
  9574 | D:9      | Bought a scroll of identify for 24 gold pieces
  9633 | D:9      | Got a polished scale mail
  9685 | D:9      | Found a basalt altar of Yredelemnul.
  9749 | D:9      | Reached XP level 11. HP: 46/62 MP: 13/13
 10080 | D:10     | Entered Level 10 of the Dungeon
 10200 | D:10     | Reached skill level 14 in Maces & Flails
 10352 | D:10     | Found a staircase to the Lair.
 10398 | D:10     | Reached *** piety under Makhleb
 10555 | D:10     | Noticed a two-headed ogre
 10561 | D:10     | Killed a two-headed ogre
 10905 | D:10     | Noticed a tengu warrior
 10950 | D:10     | Killed a tengu warrior
 11248 | D:11     | Noticed a cyclops
 11311 | D:11     | Killed a cyclops
 11344 | D:11     | Reached **** piety under Makhleb
 11745 | D:12     | Noticed a purple ugly thing
 11751 | D:12     | Noticed a deep elf mage
 11776 | D:11     | Killed a purple ugly thing
 11822 | D:12     | Killed a deep elf mage
 11822 | D:12     | Reached skill level 15 in Maces & Flails
 11822 | D:12     | Reached skill level 10 in Armour
 11822 | D:12     | Reached XP level 12. HP: 67/67 MP: 14/14
 11951 | D:12     | Found Ofohon's Weapon Emporium.
 11953 | D:12     | Noticed Fannar
 12374 | D:12     | Killed Fannar
 12391 | D:12     | Noticed a two-headed ogre
 12399 | D:12     | Killed a two-headed ogre
 12424 | D:12     | Found a staircase to the Orcish Mines.
 12424 | D:12     | Found Neomutink's Armour Emporium.
 12744 | D:12     | Noticed a centaur warrior
 12748 | D:12     | Noticed a tengu warrior
 12756 | D:12     | Killed a centaur warrior
 12783 | D:12     | Killed a tengu warrior
 12976 | D:12     | Noticed a four-headed hydra
 12976 | D:12     | Noticed a minotaur
 12976 | D:12     | Noticed an ogre mage
 12977 | D:12     | Noticed NeAGen181's ghost (journeyman DDNe)
 12979 | D:12     | Noticed a two-headed ogre
 12996 | D:12     | Found a runed translucent gate.
 12997 | D:12     | Found a runed translucent gate.
 12999 | D:12     | Found a runed translucent gate.
 13881 | D:13     | Reached skill level 16 in Maces & Flails
 13898 | D:13     | Noticed a centaur warrior
 13900 | D:13     | Noticed Urug
 13901 | D:13     | Noticed a two-headed ogre
 13924 | D:13     | Reached skill level 5 in Fighting
 13924 | D:13     | Reached XP level 13. HP: 72/72 MP: 16/16
 14083 | D:13     | Killed Urug
 14165 | D:13     | Reached ***** piety under Makhleb
 14167 | D:13     | Reached skill level 5 in Invocations
 14218 | D:13     | Found Besixus's Gadget Emporium.
 14221 | D:13     | Noticed Nessos
 14372 | D:13     | Killed Nessos
 14907 | D:13     | Found a gate to the Vaults.
 14978 | D:13     | Found Zuol's Weapon Shop.
 15377 | D:14     | Reached skill level 17 in Maces & Flails
 15801 | D:14     | Gained mutation: Your large and strong wings let you fly
                  | indefinitely. [Gargoyle growth]
 15801 | D:14     | Reached XP level 14. HP: 84/84 MP: 19/19
 16223 | D:15     | Entered Level 15 of the Dungeon
 16461 | D:15     | Found a staircase to the Depths.
 16542 | D:15     | Found a radiant altar of Vehumet.
 16584 | D:15     | Reached skill level 10 in Fighting
 16833 | D:15     | Paralysed by a wizard for 7 turns
 17293 | D:4      | Killed Curus's ghost
 17539 | Lair:1   | Entered Level 1 of the Lair of Beasts
 17862 | Lair:1   | Reached ****** piety under Makhleb
 18682 | Lair:2   | Found a staircase to the Snake Pit.
 18931 | Lair:2   | Found a staircase to the Swamp.
 19299 | Lair:2   | Reached skill level 18 in Maces & Flails
 19744 | Lair:2   | Identified a scroll of acquirement
 19745 | Lair:2   | Found the +2 cloak of the Thief {+Fog Slay-2 SInv Stlth+}
 19872 | Lair:3   | Reached XP level 15. HP: 95/95 MP: 21/21
 19962 | Lair:3   | Got a shimmering scimitar
 19963 | Lair:3   | Identified the cursed +2 scimitar "Bewnauph" {speed, rC+
                  | Str+4 Stlth-} (You found it on level 3 of the Lair of
                  | Beasts)
 20066 | Lair:3   | Found the +9 staff of Wucad Mu {channel}
 20231 | Lair:3   | Found a glowing golden altar of the Shining One.
 20745 | Lair:4   | Noticed Josephine
 20759 | Lair:4   | Killed Josephine
 21255 | Lair:5   | Found a staircase to the Slime Pits.
 21739 | Lair:5   | Noticed Rupert
 21761 | Lair:5   | Killed Rupert
 21889 | Lair:6   | Entered Level 6 of the Lair of Beasts
 22420 | Lair:6   | Got a pitted pewter amulet
 23252 | Snake:1  | Entered Level 1 of the Snake Pit
 23281 | Snake:1  | Reached skill level 10 in Invocations
 23910 | Snake:1  | Reached XP level 16. HP: 100/105 MP: 19/23
 24025 | Snake:1  | Reached skill level 19 in Maces & Flails
 24494 | Snake:2  | Noticed a nagaraja
 24510 | Snake:2  | Killed a nagaraja
 25517 | Snake:2  | Noticed a nagaraja
 25532 | Snake:2  | Killed a nagaraja
 25943 | Snake:3  | Reached skill level 15 in Fighting
 26104 | Snake:3  | Noticed a nagaraja
 26120 | Snake:3  | Killed a nagaraja
 26575 | Snake:4  | Entered Level 4 of the Snake Pit
 26600 | Snake:4  | Noticed Aizul
 26630 | Snake:4  | Killed Aizul
 26664 | Snake:4  | Reached XP level 17. HP: 78/113 MP: 25/25
 26833 | Snake:4  | Found Otuul's Food Shoppe.
 26839 | Snake:4  | Found Qajorron's Magic Scroll Emporium.
 26961 | Snake:4  | HP: 2/115 [naga warrior/+0 dire flail (5)]
 26972 | Snake:4  | Slain by a naga warrior

Levels and vault maps discovered:
D:1:      onia_arrival_mini_spirals, layout_basic
D:2:      cheibrodos_greedy_goblins, layout_loops_ring,
          nicolae_overflow_hidden_temple, first_ration,
          chequers_serial_rivers_small_b, uniq_robin
D:3:      layout_basic, chequers_ecumenical_altar_twisty, columned_hall_lemuel,
          nrook_uturn, grunt_decor_arrowhead, elyvilon_altar_5
D:4:      layout_cave_pools, nemelex_xobeh_ov_fountains_minmay,
          minmay_temple_entry_water_ring, hellmonk_ghost_happy_afterlife,
          nicolae_zen_rock_garden, st_stairs_5
D:5:      layout_loops_corners, nicolae_ashenzari_panopticon,
          gammafunk_temple_overflow_claw, serial_shops, kennysheep_mini,
          grunt_ministairs_9, mrwooster_statue_mirror, uniq_sigmund
D:6:      layout_loops_ring, nicolae_qazlal_general_emergency,
          kennysheep_vampire_church, serial_glass, glass_columns_a,
          glass_columns_a, feat_on_display, minmay_strange_pillars,
          serial_shops, kennysheep_mini_moat, nemelex_spade_bored_becter,
          uniq_edmund
D:7:      nicolae_whirlpool, layout_cave_pools, enter_bailey_3
D:8:      layout_loops_ring
D:9:      layout_loops_cross, yredelemnul_forgotten_temple_becter, serial_shops,
          nicolae_shop_crystal, uniq_erica
D:10:     layout_loops_cross, due_lair_maze_entry_diamond, serial_glass,
          glass_columns_b, glass_columns_c, glass_columns_b, glass_columns_c,
          glass_columns_b, grunt_tengu_nest
D:11:     layout_loops_ring, item_on_display_a
D:12:     layout_cave_pools, orc_david_3, maelrawn_ghost_gauntlet_escape,
          minmay_diamond_spiral, uniq_fannar
D:13:     layout_basic, erik_vaults_1, gauntlet_entry_generic, serial_shops,
          shop, shop, uniq_urug, uniq_nessos
D:14:     layout_rooms, patterned_corridor, argonaut_gorgonesque
D:15:     hangedman_depths_entry_civil_slaughter, layout_loops_ring,
          lemuel_doored_altar
Temple:   nicolae_temple_figure_zero
Lair:1:   layout_layer_cave, chequers_serial_rivers_micro_e, grunt_megastairs_4
Lair:2:   layout_loops_ring, nicolae_swamp_entry_splash_gauntlet,
          minmay_snake_entry_six_corridors, gammafunk_lair_bear_cave
Lair:3:   layout_misc_corridors, basic_altar
Lair:4:   layout_regular_city, serial_bayou_lake_a, uniq_josephine
Lair:5:   layout_misc_corridors, minmay_slime_entry_pillars, uniq_rupert
Lair:6:   gammafunk_lair_ancient_temple, layout_cave_pods, serial_bayou_shore_a,
          infiniplex_staircase_pool_2
Snake:1:  layout_chambers, nicolae_snake_lava_pool
Snake:2:  layout_onion
Snake:3:  layout_basic
Snake:4:  minmay_snake_end_coiled, layout_onion_interference, minmay_shoptagon,
          lemuel_fruit_tree, uniq_vashnia, uniq_aizul

Skill      XL: |  1  2  3  4  5  6  7  8  9 10 11 12 13 14 15 16 |
---------------+-------------------------------------------------+-----
Maces & Flails | 3 4 5 6 7 9 11 13 15 16 17 18 19 | 19.9
Invocations    | 1 3 4 6 8 10 11 | 11.7
Armour         | 6 10 12 | 12.5
Shields        | 5 |  5.8
Fighting       | 4 5 8 11 13 15 | 15.8

Action                   |  1- 3 |  4- 6 |  7- 9 | 10-12 | 13-15 | 16-18 || total
-------------------------+-------+-------+-------+-------+-------+-------++-------
Melee: Flail             |   176 |   323 |   493 |   728 |       |       ||  1720
       Morningstar       |       |       |       |   300 |  1729 |   609 ||  2638
       Scimitar          |       |       |       |    23 |       |       ||    23
Throw: Dart              |       |       |    18 |       |       |       ||    18
Invok: Greater Servant o |       |       |       |       |     1 |     2 ||     3
  Use: Scroll            |     5 |     3 |     2 |     9 |     9 |     3 ||    31
       Potion            |       |     3 |     2 |     2 |     2 |     7 ||    16
 Stab: Petrified         |       |       |       |       |     7 |       ||     7
       Distracted        |       |       |       |       |     1 |       ||     1
       Petrifying        |       |       |       |       |     1 |       ||     1
  Eat: Chunk             |       |     9 |     9 |    11 |    32 |    11 ||    72
       Ration            |       |       |     2 |     2 |     4 |       ||     8
Armor: Scale mail        |    83 |   166 |       |       |       |       ||   249
       Plate armour      |       |    33 |   240 |   635 |  1000 |   446 ||  2354
       Chain mail        |       |     5 |       |       |       |       ||     5
Dodge: Dodged            |    68 |   102 |   147 |   233 |   394 |    90 ||  1034
Block: Shield            |    87 |   219 |   280 |   513 |   855 |   361 ||  2315
       Reflection        |       |       |       |       |     9 |    53 ||    62
       Rpst.: Scimitar   |       |       |       |     4 |       |       ||     4
